 Dungeon Crawl Stone Soup version 0.28-a0-863-g8cecda6153 (webtiles) character file.

Game seed: 5698309119599882328

103 ytrimaz the Grave Robber (level 4, -3/30 HPs)
             Began as a Demonspawn Necromancer on Nov 16, 2021.
             Killed by divine providence
             ... invoked by an orc priest
              (17 damage)
             ... on level 3 of the Dungeon.
             The game lasted 00:04:07 (3753 turns).

ytrimaz the Grave Robber (Demonspawn Necromancer)   Turns: 3753, Time: 00:04:08

Health: -3/30      AC:  4    Str:  8    XL:     4   Next: 51%
Magic:  2/9        EV: 11    Int: 18    God:
Gold:   96         SH:  3    Dex: 13    Spells: 5/9 levels left

rFire   . . .      SeeInvis .   (no weapon)
rCold   . . .      Faith    .   c - +0 buckler
rNeg    . . .      Spirit   .   a - +0 robe
rPois   .          Reflect  .   e - +0 helmet
rElec   .          Harm     .   (no cloak)
rCorr   .          Rampage  .   g - +0 pair of gloves
Will    .....                   (no boots)
Stlth   ++........              (no amulet)
HPRegen 0.10/turn               (no ring)
MPRegen 0.11/turn               (no ring)

@: no status effects
A: weakness stinger 2
a: no special abilities


You were on level 3 of the Dungeon.
You visited 1 branch of the dungeon, and saw 3 of its levels.

You collected 96 gold pieces.

Inventory:

Armour
 a - a +0 robe (worn)
 c - a +0 buckler (worn)
 e - a +0 helmet (worn)
 g - a +0 pair of gloves (worn)
Scrolls
 b - a scroll of teleportation {unknown}
Potions
 d - a potion of attraction


   Skills:
 - Level 1.7 Dodging
 - Level 1.7 Stealth
 * Level 0.4 Shields
 * Level 3.4 Spellcasting
 + Level 5.4 Necromancy


You had 5 spell levels left.
You knew the following spells:

 Your Spells              Type           Power      Damage    Failure   Level
a - Pain                  Necr           88%        1d8       2%          1
b - Vampiric Draining     Necr           22%        2d7       8%          3

Your spell library contained the following spells:

 Spells                   Type           Power      Damage    Failure   Level
 Animate Skeleton         Necr           44%        N/A       2%          1
 Freeze                   Ice            12%        1d4       24%         1
 Shock                    Conj/Air       12%        1d3       24%         1
 Animate Dead             Necr           11%        N/A       26%         4
 Agony                    Necr           22%        N/A       56%         5
 Frozen Ramparts          Ice            6%         1d2       58%         3
 Swiftness                Air            3%         N/A       58%         3
 Airstrike                Air            1%         N/A       94%         4
 Hailstorm                Conj/Ice       3%         3d3       94%         4


Dungeon Overview and Level Annotations

Branches:
Dungeon (3/15)

Altars:
Xom

Shops:
D:1 (   D:2 *


Innate Abilities, Weirdness & Mutations

You have a tail ending in a sharp stinger.


Message History

Found a rapier.
A bat comes into view.
A bat is nearby!
You can't see any susceptible monsters within range! (Use Z to cast anyway.)
You can't see any susceptible monsters within range! (Use Z to cast anyway.)
The bat writhes in agony.
You kill the bat!
You can't see any susceptible monsters within range! (Use Z to cast anyway.) HP restored.
Magic restored.
Found 26 arrows.
You now have 96 gold pieces (gained 14).
You see here 26 arrows.
You see here a +0 whip.
There is a stone staircase leading up here.
An orc comes into view. It is wielding a +0 dagger.
An orc is nearby!
An orc is nearby!
Found a ring mail.
The orc shouts!
You hear a shout!
An orc comes into view. It is wielding a +0 war axe.
An orc comes into view. It is wielding a +0 flail.
You hear a shout!
The orc writhes in agony.
The orc writhes in agony.
An orc priest comes into view. It is wielding a +0 hand axe.
The orc writhes in agony.
The orc writhes in agony.
You kill the orc!
The orc writhes in agony.
The orc writhes in agony!
You kill the orc!
The orc writhes in agony.
The orc misses you.
The orc barely resists.
The orc hits you with a +0 war axe!
You are too injured to fight recklessly!
You hit the orc.
The orc is severely wounded.
The orc priest mumbles some strange prayers to Beogh against you.
Beogh smites you!
Ouch! That really hurt!
You die...

#............
#..########## ##.### ##
#...# ...## ###.##
....### #..# #...##
##.##
#.###..#######..######
#..oo@..........<)....
[...)####.....####.#####
### #####.##########
###≈...#.⌠#.
##..#..##...
##..≈≈.##≈..#
#⌠.⌠#.≈..#.#≈ ..#
#_...≈.⌠.#.#≈ . #.#
#≈≈..##..##..


You could see an orc priest and an orc.

Vanquished Creatures
  2 adders (D:2)
  A worm (D:2)
  4 dart slugs
  5 orcs (D:3)
  5 ball pythons
  4 endoplasms
  16 giant cockroaches
  3 goblins
  3 hobgoblins (D:2)
  5 kobolds
  3 quokkas
  5 bats
  A frilled lizard (D:1)
  4 rats
61 creatures vanquished.

Notes
Turn   | Place    | Note
-------+----------+-------------------------------------------
     0 | D:1      | ytrimaz the Demonspawn Necromancer began the quest for the
                  | Orb.
     0 | D:1      | Reached XP level 1. HP: 13/13 MP: 3/3
    62 | D:1      | Found Ipser's Weapon Shoppe.
   616 | D:1      | Gained mutation: You have a small tail. [demonic ancestry]
   616 | D:1      | Reached XP level 2. HP: 18/19 MP: 3/5
   967 | D:1      | Reached skill level 5 in Necromancy
  1320 | D:2      | Found Idoceg's General Store.
  1653 | D:2      | Reached XP level 3. HP: 17/24 MP: 0/7
  2134 | D:2      | Learned a level 3 spell: Vampiric Draining
  2543 | D:3      | Gained mutation: You have a tail ending in a sharp stinger.
                  | [demonic ancestry]
  2543 | D:3      | Reached XP level 4. HP: 26/30 MP: 3/8
  3365 | D:3      | Found a shimmering altar of Xom.
  3412 | D:3      | HP: 1/30 [orc/boomerang (5)]
  3753 | D:3      | Killed from afar by an orc priest

Illustrated notes

Levels and vault maps discovered:
D:1:      co_arrival_two_rings, layout_basic, serial_shops, shop_fountains
D:2:      wad_lake_hut, layout_basic, serial_shops, shop_statue,
          minmay_pentomino_s2
D:3:      minmay_roachtagon, layout_rooms, tgw_xom

Skill      XL: |  1  2  3 |
---------------+----------+-----
Necromancy     | 5 |  5.4
Spellcasting   | 3 |  3.4
Dodging        | |  1.7
Stealth        | |  1.7
Shields        | |  0.4

Action                   |  1- 3 |  4- 6 || total
-------------------------+-------+-------++-------
Melee: Unarmed           |     5 |    29 ||    34
       Tailslap          |       |     2 ||     2
 Cast: Pain              |    71 |    50 ||   121
       Vampiric Draining |       |     1 ||     1
  Use: Scroll            |     2 |     1 ||     3
       Potion            |       |     1 ||     1
Armor: Robe              |     4 |    17 ||    21
Dodge: Dodged            |     8 |    31 ||    39
Block: Buckler           |       |     8 ||     8

Table legend: (Time is in decaauts)
 A = Elapsed time spent in this place.
 B = Non-inter-level travel time spent in this place.
 C = Inter-level travel time spent in this place.
 D = Time resting spent in this place.
 E = Time spent auto-exploring this place.
 F = Levels seen in this place.
 G = Mean time per level.
                   A        B        C        D        E       F      G
               +--------+--------+--------+--------+--------+-----+--------+
         Total |   3791 |   3657 |    134 |    946 |   2242 |   3 | 1263.7 |
       Dungeon |   3791 |   3657 |    134 |    946 |   2242 |   3 | 1263.7 |
               +--------+--------+--------+--------+--------+-----+--------+

Top non-repeatable levels by time:
     D:2: 1861 daAuts
     D:1: 1270 daAuts
     D:3: 659 daAuts
